 Dungeon Crawl Stone Soup version 0.25-a0-94-g9e23508adf (webtiles) character file.

Game seed: 9075296662408373769, levelgen mode: deterministic

7 MordorOrchid the Charmwright (level 1, 0/16 HPs)
             Began as a Demonspawn Skald on Nov 11, 2019.
             Slain by a kobold
             ... wielding a +0 short sword
              (4 damage)
             ... on level 1 of the Dungeon.
             The game lasted 00:00:25 (255 turns).

MordorOrchid the Charmwright (Demonspawn Skald)      Turns: 255, Time: 00:00:26

Health: 0/16       AC:  3    Str: 11    XL:     1   Next: 83%
Magic:  3/3        EV: 11    Int: 14    God:
Gold:   35         SH:  0    Dex: 12    Spells: 3/4 levels left

rFire    . . .     SeeInvis .     - Unarmed
rCold    . . .     Gourm    .   (no shield)
rNeg     . . .     Faith    .   a - +0 leather armour
rPois    .         Spirit   .   (no helmet)
rElec    .         Reflect  .   (no cloak)
rCorr    .         Harm     .   (no gloves)
MR       .....                  (no boots)
Stlth    +.........             (no amulet)
HPRegen  0.05/turn              (no ring)
MPRegen  0.08/turn              (no ring)

@: no status effects
A: no striking features
a: no special abilities


You were on level 1 of the Dungeon.
You were not hungry.

You visited 1 branch of the dungeon, and saw 1 of its levels.

You collected 35 gold pieces.

Inventory:

Missiles
 b - 4 stones (quivered)
Armour
 a - a +0 leather armour (worn)
Potions
 d - a potion of flight {unknown}
Comestibles
 c - 2 rations


   Skills:
 - Level 2.0 Fighting
 * Level 1.2 Armour
 - Level 1.7 Dodging
 * Level 2.1 Unarmed Combat
 - Level 2.0 Spellcasting
 - Level 2.6 Charms


You had 3 spell levels left.
You knew the following spells:

 Your Spells              Type           Power        Failure   Level  Hunger
a - Infusion              Chrm           #...         11%         1    ##.....

Your spell library contained the following spells:

 Spells                   Type           Power        Failure   Level  Hunger
 Song of Slaying          Chrm           #.......     16%         2    ###....
 Shroud of Golubria       Chrm/Tloc      #.....       26%         2    ###....
 Regeneration             Chrm/Necr      #.........   47%         3    ####...
 Spectral Weapon          Hex/Chrm       #.......     47%         3    ####...


Dungeon Overview and Level Annotations

Branches:
Dungeon (1/15)

Altars:


Message History

The kobold hits you with a +0 short sword.
* * * LOW HITPOINT WARNING * * *
You are too injured to fight recklessly!
You are too injured to fight recklessly!
You are too injured to fight recklessly!
You are too injured to fight recklessly!
You are too injured to fight recklessly!
You are too injured to fight recklessly!
You are too injured to fight recklessly!
You are too injured to fight recklessly!
You are too injured to fight recklessly!
You are too injured to fight recklessly!
You are too injured to fight recklessly!
You are too injured to fight recklessly!
You are too injured to fight recklessly!
You are too injured to fight recklessly!
You are too injured to fight recklessly!
You barely miss the kobold.
The kobold hits you with a +0 short sword.
You die...

#....#.#####.### #...
#.......... .
............#### ..
#....#.##...#... ..
#....#....#...## ..
..^...##....... #.
........##.#.# #.####
#.....#..#.. #.K@.#
##.....#.####
####.###........# #
#.##.)#....### #
#.#..##...># # .###
#...##.....# #
....######......######
#...###..######.....
##....#.######.....
#.....#.#..........


You could see a kobold.

Vanquished Creatures
  3 bats (D:1)
  A hobgoblin (D:1)
  A frilled lizard (D:1)
  A kobold (D:1)
  A rat (D:1)
7 creatures vanquished.

Notes
Turn   | Place    | Note
-------+----------+-------------------------------------------
     0 | D:1      | MordorOrchid the Demonspawn Skald began the quest for the
                  | Orb.
     0 | D:1      | Reached XP level 1. HP: 16/16 MP: 3/3
    19 | D:1      | Reached skill level 1 in Armour
   255 | D:1      | Slain by a kobold

Levels and vault maps discovered:
D:1:      minmay_arrival_four_houses, layout_rooms, minmay_door_square,
          roderic_serpentine_path, palyth_stone_intersect, hex_intersection

Skill      XL: |  1 |
---------------+----+-----
Armour         | 1 |  1.2
Unarmed Combat | 2 |  2.1
Fighting       | |  2.0
Dodging        | |  1.7
Spellcasting   | |  2.0
Charms         | |  2.6

Action                   || total
-------------------------++-------
Melee: Unarmed           ||    30
       Punch             ||     1
Armor: Leather armour    ||    10
Dodge: Dodged            ||    11

Table legend:
 A = Non-vault XP
 B = Vault XP
 C = Vault XP percentage of total XP
 D = Non-vault monster count
 E = Vault monster count
 F = Vault count percentage of total count
                 A         B        C        D         E       F
            +---------+---------+-------+---------+---------+-------
      Total |      10 |       0 |   0.0 |       7 |       0 |   0.0
            +---------+---------+-------+---------+---------+-------
        D:1 |      10 |       0 |   0.0 |       7 |       0 |   0.0
            +---------+---------+-------+---------+---------+-------
